 Dungeon Crawl Stone Soup version 0.24.0-1-gfbc8707 (webtiles) character file.

Game seed: 6015234086986023488, levelgen mode: deterministic

2585 Buxparty the Cutter (level 9, -5/79 HPs)
             Began as a Deep Dwarf Fighter on Dec 27, 2019.
             Slain by a yak (6 damage)
             ... on level 9 of the Dungeon.
             The game lasted 00:19:34 (5160 turns).

Buxparty the Cutter (Deep Dwarf Fighter)            Turns: 5160, Time: 00:19:34

Health: -5/79      AC: 12    Str: 22    XL:     9   Next: 32%
Magic:  0/0        EV: 12    Int:  8    God:
Gold:   307        SH: 11    Dex: 17    Spells: 8/8 levels left

rFire    . . .     SeeInvis .   w - +2 dagger (speed)
rCold    . . .     Gourm    .   c - +0 shield
rNeg     + . .     Faith    .   h - +2 ring mail {rN+}
rPois    .         Spirit   .   (no helmet)
rElec    .         Reflect  .   e - +1 cloak
rCorr    .         Harm     .   m - +1 pair of gloves
MR       +....                  (no boots)
Stlth    +.........             (no amulet)
HPRegen  0.00/turn              l - +3 ring of dexterity
MPRegen  0.07/turn              k - ring of flight

@: non-regenerating
A: damage resistance, heal wounds, sense surroundings 2, no regeneration
a: Heal Wounds, Evoke Flight


You were on level 9 of the Dungeon.
You were very hungry.

You visited 1 branch of the dungeon, and saw 8 of its levels.

You collected 307 gold pieces.

Inventory:

Hand Weapons
 a - a +0 war axe
 o - a +0 spear
 r - a +1 mace of venom
 w - a +2 dagger of speed (weapon)
Missiles
 s - 11 bolts
Armour
 c - a +0 shield (worn)
 e - a +1 cloak (worn)
 h - a +2 ring mail of positive energy (worn)
 m - a +1 pair of gloves (worn)
Jewellery
 k - a ring of flight (right hand)
 l - a +3 ring of dexterity (left hand)
Wands
 u - a wand of random effects (34)
 x - a wand of paralysis (9)
Scrolls
 i - 2 scrolls of fear
 j - 2 scrolls of enchant weapon {unknown}
 p - 7 scrolls of identify
 t - 3 scrolls of remove curse
 v - 2 scrolls of teleportation {unknown}
 y - a scroll of random uselessness {unknown}
 z - a scroll of immolation {unknown}
 A - a scroll of enchant armour {unknown}
Potions
 b - 2 potions of agility {unknown}
 d - 2 potions of might
 g - a potion of lignification
 n - 4 potions of curing {unknown}
 q - a potion of cancellation {unknown}
Comestibles
 f - 9 rations


   Skills:
 + Level 4.4 Fighting
 * Level 7.1 Short Blades
 - Level 3.6(4.0) Axes
 - Level 2.0(2.8) Polearms
 + Level 6.1 Armour
 + Level 4.4 Dodging
 + Level 0.2 Stealth
 + Level 6.7 Shields


You had 8 spell levels left.
You didn't know any spells.
Your spell library contained the following spells:

 Spells                   Type           Power        Failure   Level  Hunger
 Animate Skeleton         Necr           N/A          89%         1    ##.....
 Apportation              Tloc           #.....       89%         1    ##.....
 Beastly Appendage        Tmut           #.....       89%         1    ##.....
 Confusing Touch          Hex            #.....       89%         1    ##.....
 Summon Small Mammal      Summ           #...         89%         1    ##.....
 Sticks to Snakes         Tmut           #.......     96%         2    ###....
 Spider Form              Tmut/Pois      #.........   99%         3    ####...
 Ice Form                 Ice/Tmut       #.......     100%        4    #####..
 Blade Hands              Tmut           #.........   100%        5    ######.


Dungeon Overview and Level Annotations

Branches:
Dungeon (9/15)
 Temple: D:4-7         Lair: D:8-11         Orc: D:9-12

Altars:
Ashenzari
Dithmenos
Fedhas
Okawaru
Wu Jian
Xom

Annotations:
D:8 Psyche


Innate Abilities, Weirdness & Mutations

You are resistant to damage.
You can heal yourself by infusing magical energy.
You passively map the area around you.
You do not regenerate.


Message History

* * * LOW HITPOINT WARNING * * *
The yak gores you but does no damage.
You hit the yak.
The yak is almost dead.
You hit the yak.
The yak is almost dead.
The quokka misses you. You block the yak's attack.
The yak gores you but does no damage.
You hit the yak but do no damage.
The yak is almost dead.
You block the quokka's attack.
You hit the yak.
You kill the yak!
The yak barely misses you.
You are feeling very hungry.
The quokka bites you but does no damage.
The yak gores you but does no damage.
You see here a yak corpse.
The quokka closely misses you. The yak gores you!
You die...

, *,, , * #.....# ,* ,
,+.....######<,, , ,,
#............,, * ,,,,
#####............ ,
#................ , ,
,,#................ * ,
#................ , *
###########....@...........,
..............†rY..........,
,,
,........#######<...#####...,,
,........# ###..# , ,
.######.# #..# *,, , , ,*,
,#.# #..# , , #.# #..# , , #.#
#..# * *, , +#.# #...,, ,, ,


You could see a yak and a quokka.

Vanquished Creatures
  3 yaks (D:9)
  Menkaure (D:3)
  2 ice beasts
  3 ogres
  An orc warrior (D:5)
  3 phantoms
  2 centaurs (D:5)
  A scorpion (D:4)
  2 howler monkeys (D:5)
  2 bullfrog zombies (D:6)
  A crimson imp (D:6)
  A hound (D:4)
  7 orc priests
  10 orc wizards
  A gnoll shaman (D:6)
  Natasha (thrice) (D:4)
  An iguana (D:4)
  3 worker ants (D:2)
  A hound zombie (D:5)
  7 gnolls
  6 adders
  2 oozes
  An adder zombie (D:5)
  4 worms
  3 dart slugs
  4 leopard geckos
  16 orcs
  3 giant cockroaches
  5 goblins
  3 hobgoblins
  3 jackals (D:5)
  A quokka (D:5)
  A ball python (D:1)
  7 bats
  7 frilled lizards
  A jackal skeleton (D:5)
  7 kobolds
  A quokka skeleton (D:5)
  5 rats
  A butterfly (D:3)
136 creatures vanquished.

Vanquished Creatures (others)
  An iguana (D:6)
  An orc (D:6)
  A butterfly (D:4)
3 creatures vanquished.

Grand Total: 139 creatures vanquished

Notes
Turn   | Place    | Note
-------+----------+-------------------------------------------
     0 | D:1      | Buxparty the Deep Dwarf Fighter began the quest for the
                  | Orb.
     0 | D:1      | Reached XP level 1. HP: 20/20 MP: 1/1
   291 | D:1      | Reached XP level 2. HP: 24/27 MP: 2/2
   890 | D:2      | Reached skill level 1 in Dodging
   890 | D:2      | Reached XP level 3. HP: 25/34 MP: 3/3
   907 | D:2      | Reached XP level 4. HP: 24/42 MP: 4/4
  1489 | D:2      | Reached XP level 5. HP: 45/49 MP: 5/5
  1752 | D:2      | Found a blossoming altar of Fedhas.
  1752 | D:2      | Found an ornate altar of the Wu Jian Council.
  2074 | D:3      | Reached skill level 1 in Polearms
  2136 | D:3      | Reached XP level 6. HP: 22/56 MP: 6/6
  2235 | D:3      | Found an iron altar of Okawaru.
  2797 | D:4      | Found a shimmering altar of Xom.
  3016 | D:4      | Reached skill level 1 in Short Blades
  3016 | D:4      | Reached skill level 5 in Armour
  3016 | D:4      | Reached skill level 5 in Shields
  3016 | D:4      | Reached XP level 7. HP: 42/62 MP: 7/7
  3054 | D:4      | Noticed Natasha
  3054 | D:4      | Noticed Menkaure
  3123 | D:3      | Killed Menkaure
  3123 | D:3      | Reached skill level 2 in Short Blades
  3135 | D:4      | Killed Natasha
  3194 | D:4      | Noticed Natasha
  3209 | D:4      | Killed Natasha
  3284 | D:4      | Noticed Natasha
  3304 | D:4      | Killed Natasha
  3304 | D:4      | Reached skill level 3 in Short Blades
  3548 | D:5      | Entered Level 5 of the Dungeon
  3651 | D:5      | Reached skill level 4 in Short Blades
  3651 | D:5      | Reached XP level 8. HP: 60/72 MP: 7/7
  3937 | D:5      | Reached skill level 5 in Short Blades
  4122 | D:5      | Found a shattered altar of Ashenzari.
  4344 | D:5      | Reached skill level 6 in Short Blades
  4861 | D:6      | Gained mutation: You passively map the area around you.
                  | [Deep Dwarf growth]
  4861 | D:6      | Reached XP level 9. HP: 45/78 MP: 6/6
  4951 | D:6      | Found a shadowy altar of Dithmenos.
  5035 | D:6      | You fall into a shaft and drop 3 floors!
  5054 | D:8      | Noticed Psyche
  5128 | D:9      | Reached skill level 7 in Short Blades
  5154 | D:9      | HP: 1/79 [yak (6)]
  5160 | D:9      | Slain by a yak

Levels and vault maps discovered:
D:1:      minmay_arrival_hallway, layout_loops_cross
D:2:      layout_loops_ring, gammafunk_temple_overflow_elements,
          kennysheep_generic_room_11
D:3:      layout_basic, okawaru_gym_becter
D:4:      layout_rooms, xom_butterflies, first_ration, uniq_natasha,
          uniq_menkaure
D:5:      layout_loops_corners, nicolae_ashenzari_panopticon
D:6:      lemuel_insect_pit, layout_rooms, nicolae_dithmenos_shadow_blocks,
          dk_noncrumbling_2, minmay_misc_feat_iff, hangedman_decor_peaks_small,
          xom_confusion_cloud
D:8:      minmay_klotski, layout_basic, david_lair_generic, uniq_psyche,
          uniq_joseph
D:9:      layout_irregular_city, lemuel_doored_altar

Skill      XL: |  1  2  3  4  5  6  7  8  9 |
---------------+----------------------------+-----
Fighting       | 3 4 |  4.4
Dodging        | 1 2 3 4 |  4.4
Armour         | 4 5 6 |  6.1
Axes           | 3 |  3.6
Shields        | 4 5 6 |  6.7
Polearms       | 1 2 |  2.0
Short Blades   | 1 4 6 7 |  7.1
Stealth        | |  0.2

Action                   |  1- 3 |  4- 6 |  7- 9 || total
-------------------------+-------+-------+-------++-------
Melee: War axe           |    82 |    18 |       ||   100
       Spear             |       |   233 |       ||   233
       Dagger            |       |   102 |   713 ||   815
 Abil: Heal Wounds       |     1 |     5 |    21 ||    27
  Use: Scroll            |     2 |     2 |     1 ||     5
  Eat: Ration            |       |     2 |     1 ||     3
       Chunk             |       |     2 |     2 ||     4
Armor: Scale mail        |    29 |       |       ||    29
       Ring mail         |    15 |   137 |   134 ||   286
Dodge: Dodged            |    41 |   100 |   155 ||   296
Block: Shield            |    53 |   171 |   231 ||   455
